 Dungeon Crawl Stone Soup version 0.22-a0-406-g9ff8d77 (webtiles) character file.

4020 Borgoz the Basher (level 10, -6/63 HPs)
             Began as a Gargoyle Fighter on May 8, 2018.
             Was a Follower of Ashenzari.
             Killed by divine providence
             ... invoked by an orc priest
              (10 damage)
             ... on level 8 of the Dungeon.
             The game lasted 00:19:49 (8547 turns).

Borgoz the Basher (Gargoyle Fighter)                Turns: 8547, Time: 00:19:50

Health: -6/63      AC: 16    Str: 19    XL:     10   Next: 23%
Magic:  10/10      EV: 18    Int: 10    God:    Ashenzari [*.....]
Gold:   49         SH: 11    Dex: 17    Spells: 9/9 levels left

rFire    . . .     SeeInvis +   a - +0 flail (curse)
rCold    . . .     Gourm    .   c - +0 shield
rNeg     + . .     Faith    .   e - +0 steam dragon scales
rPois    ∞         Spirit   .   (no helmet)
rElec    +         Reflect  .   (no cloak)
rCorr    .         Harm     .   t - +1 pair of gloves (curse)
MR       .....                  (no boots)
Stlth    +++.......             (no amulet)
HPRegen  0.20/turn              k - ring of see invisible
MPRegen  0.12/turn              (no ring)

@: agile, berserk cooldown
A: negative energy resistance 1, electricity resistance, unbreathing,
petrification resistance, rot immunity, AC +7
a: Curse Item, Scrying, Renounce Religion


You were on level 8 of the Dungeon.
You worshipped Ashenzari.
Ashenzari was aware of your devotion.
You were not hungry.

You visited 2 branches of the dungeon, and saw 9 of its levels.

You collected 403 gold pieces.
You spent 354 gold pieces at shops.

Inventory:

Hand Weapons
 a - a cursed +0 flail (weapon)
 y - a +1 whip of freezing
Armour
 c - a +0 shield (worn)
 e - +0 steam dragon scales (worn)
 t - a cursed +1 pair of gloves (worn)
 B - the +0 leather armour of Weirdness {rPois rF+}
   (You bought it in a shop on level 4 of the Dungeon)

   It protects you from fire.
   It protects you from poison.
Jewellery
 k - a ring of see invisible (left hand)
 A - an uncursed ring of positive energy
Wands
 w - a wand of iceblast (9)
Scrolls
 d - a scroll of magic mapping {unknown}
 g - 2 scrolls of remove curse
 j - 3 scrolls of immolation {unknown}
 l - 5 scrolls of fear
 m - 2 scrolls of enchant weapon {unknown}
 n - 3 scrolls of teleportation
 o - 2 scrolls of amnesia {unknown}
 p - 2 scrolls of fog {unknown}
 q - a scroll of enchant armour {unknown}
 x - a scroll of random uselessness {unknown}
Potions
 i - 4 potions of lignification
 r - a potion of degeneration
 s - 2 potions of cancellation
 u - 2 potions of magic
 v - a potion of brilliance
Comestibles
 b - 15 chunks of flesh
 f - 18 rations


   Skills:
 + Level 7.2 Fighting
 * Level 8.7 Maces & Flails
 + Level 7.2 Armour
 + Level 4.7 Dodging
 + Level 7.4 Shields


You had 9 spell levels left.
You didn't know any spells.

Dungeon Overview and Level Annotations

Branches:
Dungeon (8/15)             Temple (1/1) D:4
   Lair: D:8-11

Altars:
Ashenzari
Cheibriados
Dithmenos
Elyvilon
Fedhas
Gozag
Hepliaklqana
Kikubaaqudgha
Makhleb
Nemelex Xobeh
Okawaru
Qazlal
Ru
Sif Muna
Trog
Uskayaw
Wu Jian
Xom
Yredelemnul
Zin
The Shining One

Shops:
D:4 [   D:6 (   D:8 =[!*%


Innate Abilities, Weirdness & Mutations

You are resistant to torment.
Your stone body is resilient. (AC +7)
You are immune to poison.
You resist negative energy. (rN+)
You are resistant to electric shocks. (rElec)
You can survive without breathing.
You are immune to petrification.
You are immune to rotting.


Message History

The wolf is heavily wounded.
The wolf bites you but does no damage. You block the wolf's attack.
The wolf bites you but does no damage.
You barely miss the wolf.
The wolf is moderately wounded.
You block the wolf's attack. The wolf bites you but does no damage.
You hit the wolf.
The wolf is heavily wounded.
You feel yourself speed up. The wolf bites you but does no damage.
The wolf barely misses you. The wolf bites you but does no damage.
You barely miss the wolf.
The wolf is heavily wounded.
You feel less wooden.
Your cursed +1 pair of gloves unmelds from your body.
Your +0 steam dragon scales unmelds from your body.
You block the wolf's attack.
The orc priest calls down the wrath of Beogh upon you.
Beogh smites you!
You die...

............÷.......)÷⌠......∩...
.......#########.########.>...###
######.#########.#.......######
.................#.##....#
.......########..#.##....#
.####....................#
....#.##### ###....##....#
###.#.# ##.#####.#.# ..#.#.###
#@# ..#... ........# #h#
#######.# #.#<#.#.## #o# #
#.###.#..# #.## #.##.....##
###..## #.##÷.##..# #...∩.#
..........# #)....# .#.#...##..#
#.....# .#.#...###.# #.....#


You could see a wolf and an orc priest.

Vanquished Creatures
  Pikel (D:6)
  Prince Ribbit (D:6)
  Grinder (D:6)
  A hippogriff (D:7)
  A wyvern (D:8)
  Grum (D:8)
  A steam dragon (D:8)
  2 orc warriors (D:7)
  A sky beast (D:5)
  A black bear (D:7)
  3 necrophages (D:7)
  An ogre (D:8)
  2 wolves (D:8)
  4 bullfrogs
  A scorpion (D:6)
  3 killer bees (D:7)
  2 wights (D:7)
  2 howler monkeys (D:7)
  5 crimson imps
  A bullfrog zombie (D:7)
  A quasit (D:6)
  6 hounds
  2 orc priests
  8 orc wizards
  Terence (D:1)
  3 worker ants
  A hound zombie (D:7)
  3 mummies (D:7)
  2 worker ant zombies (D:7)
  3 gnolls (D:6)
  2 howler monkey skeletons (D:6)
  8 adders
  2 shadow imps
  3 oozes
  4 worms
  2 dart slugs
  4 leopard geckos
  32 orcs
  A ball python (D:1)
  8 bats
  4 giant cockroaches
  4 goblins
  3 hobgoblins
  6 jackals
  4 quokkas
  3 frilled lizards
  A jackal skeleton (D:5)
  4 kobolds
  10 rats
170 creatures vanquished.

Vanquished Creatures (others)
  2 slaves (D:6)
  A human (D:2)
  An adder (D:6)
  A jackal skeleton (D:8)
5 creatures vanquished.

Grand Total: 175 creatures vanquished

Notes
Turn   | Place    | Note
-------+----------+-------------------------------------------
     0 | D:1      | Borgoz the Gargoyle Fighter began the quest for the Orb.
     0 | D:1      | Reached XP level 1. HP: 14/14 MP: 1/1
    95 | D:1      | Reached XP level 2. HP: 19/19 MP: 2/2
   768 | D:2      | Found an ancient bone altar of Kikubaaqudgha.
   768 | D:2      | Noticed a human
   772 | D:2      | Reached XP level 3. HP: 23/23 MP: 3/3
   774 | D:2      | Killed a human
   847 | D:2      | Noticed Terence
   994 | D:1      | Killed Terence
  1094 | D:1      | Reached skill level 3 in Maces & Flails
  1094 | D:1      | Reached skill level 1 in Dodging
  1094 | D:1      | Reached XP level 4. HP: 8/29 MP: 4/4
  1493 | D:2      | Reached XP level 5. HP: 28/33 MP: 5/5
  1960 | D:2      | Found a bloodstained altar of Trog.
  2520 | D:3      | Reached XP level 6. HP: 32/38 MP: 6/6
  3067 | D:4      | Found a staircase to the Ecumenical Temple.
  3121 | Temple   | Entered the Ecumenical Temple
  3249 | D:4      | Reached skill level 4 in Maces & Flails
  3268 | D:4      | Found Atsukh's Antique Armour Shop.
  3286 | D:4      | Bought a pair of glowing gloves for 157 gold pieces
  3373 | D:4      | Found a burning altar of Makhleb.
  4031 | D:5      | Entered Level 5 of the Dungeon
  4058 | D:5      | Found a shattered altar of Ashenzari.
  4068 | D:5      | Became a worshipper of Ashenzari the Shackled
  4131 | D:5      | Noticed a sky beast
  4162 | D:5      | Killed a sky beast
  4162 | D:5      | Reached XP level 7. HP: 39/44 MP: 7/7
  4214 | D:5      | Found a sparkling altar of Nemelex Xobeh.
  4543 | D:6      | Noticed Pikel
  4585 | D:6      | Killed Pikel
  4585 | D:6      | Reached skill level 5 in Fighting
  4585 | D:6      | Reached skill level 5 in Maces & Flails
  4585 | D:6      | Reached skill level 5 in Armour
  4585 | D:6      | Reached skill level 5 in Shields
  4585 | D:6      | Reached XP level 8. HP: 30/49 MP: 8/8
  4844 | D:6      | Found a hazy altar of Hepliaklqana.
  4983 | D:6      | Noticed Grinder
  4986 | D:6      | Paralysed by Grinder for 2 turns
  5000 | D:6      | Paralysed by Grinder for 7 turns
  5013 | D:6      | Killed Grinder
  5013 | D:6      | Reached skill level 6 in Maces & Flails
  5092 | D:6      | Noticed Prince Ribbit
  5118 | D:6      | Killed Prince Ribbit
  5249 | D:6      | Found a white marble altar of Elyvilon.
  5249 | D:6      | Found a glowing golden altar of the Shining One.
  5252 | D:6      | Found a glowing silver altar of Zin.
  5297 | D:6      | Found Xich's Weapon Shop.
  5474 | D:6      | Found an ancient bone altar of Kikubaaqudgha.
  5475 | D:6      | Found a shimmering altar of Xom.
  5476 | D:6      | Found an iron altar of Okawaru.
  5479 | D:6      | Found a basalt altar of Yredelemnul.
  5554 | D:7      | Reached XP level 9. HP: 52/55 MP: 9/9
  5716 | D:7      | Reached skill level 7 in Maces & Flails
  5927 | D:7      | Reached * piety under Ashenzari
  6366 | D:7      | Found an opulent altar of Gozag.
  6902 | D:7      | Reached skill level 8 in Maces & Flails
  7386 | D:8      | Reached XP level 10. HP: 39/61 MP: 10/10
  8094 | D:8      | Found Diucs's Jewellery Emporium.
  8123 | D:8      | Found Roedocog's Armour Boutique.
  8304 | D:4      | Bought a pitted leather armour for 147 gold pieces
  8410 | D:8      | Found Xeefaytt's Assorted Antiques.
  8451 | D:8      | Found Mut Damaexo's Food Boutique.
  8471 | D:8      | Found Kimicwu's Distillery.
  8479 | D:8      | Bought a potion of berserk rage for 50 gold pieces
  8480 | D:8      | Noticed Grum
  8506 | D:8      | Killed Grum
  8534 | D:8      | HP: 4/94 [orc priest/divine providence (12)]
  8547 | D:8      | Killed from afar by an orc priest

Vault maps used:
D:1:      lemuel_arrival_broad_hall, minmay_close_crescents
D:2:      cheibrodos_pilgrimage, nicolae_overflow_hidden_temple,
          tgw_kikubaaqudgha, uniq_terence
D:3:      cheibrodos_old_hovel, item_on_display_a
D:4:      minmay_temple_entry_hall, first_ration, serial_shops,
          nicolae_shop_overgrown_old_shop, makhleb_blood_cavern_becter
D:5:      kennysheep_mini, ashenzari_altar_1
D:6:      good_gods_mini_temple, minitemple, kennysheep_little_box,
          serial_shops, nicolae_shop_stone, uniq_prince_ribbit1, uniq_grinder,
          uniq_pikel
D:7:      nicolae_overflow_crystal_walls, serial_undead, serial_undead_f,
          serial_undead_e, serial_undead_a, serial_undead_f, serial_undead_e,
          serial_undead_c, serial_undead_d
D:8:      serial_shops, shop, shop, shop, shop_fountains, nicolae_shop_crystal,
          basic_altar, uniq_grum
Temple:   nicolae_temple_figure_zero

Skill      XL: |  1  2  3  4  5  6  7  8  9 10 |
---------------+-------------------------------+-----
Maces & Flails | 3 4 5 6 8 |  8.7
Dodging        | 1 2 3 4 |  4.7
Shields        | 4 5 6 7 |  7.4
Fighting       | 4 5 6 7 |  7.2
Armour         | 4 5 6 7 |  7.2

Action                   |  1- 3 |  4- 6 |  7- 9 | 10-12 || total
-------------------------+-------+-------+-------+-------++-------
Melee: Flail             |    95 |   319 |   510 |   153 ||  1077
Invok: Curse Item        |       |     2 |       |       ||     2
Evoke: Wand              |       |       |     3 |       ||     3
  Use: Potion            |       |       |     2 |     5 ||     7
       Scroll            |       |       |       |     7 ||     7
  Eat: Chunk             |     1 |     9 |     9 |     4 ||    23
       Ration            |       |       |     1 |       ||     1
Armor: Scale mail        |    54 |   126 |   231 |    48 ||   459
       Skin              |       |       |       |    26 ||    26
       Steam dragon scal |       |       |       |    16 ||    16
Dodge: Dodged            |    27 |    98 |   163 |    76 ||   364
Block: Shield            |    60 |   136 |   276 |   102 ||   574

Table legend:
 A = Spawn XP
 B = Non-spawn XP
 C = Spawn XP percentage of total XP
 D = Spawn monster count
 E = Non-spawn monster count
 F = Spawn count percentage of total count
 G = Total turns spent on level
                    A         B        C        D         E        F      G
               +---------+---------+-------+---------+---------+-------+---------
         Total |       0 |    5744 |   0.0 |       0 |     170 |   0.0 |  8547
               +---------+---------+-------+---------+---------+-------+---------
           D:1 |       0 |     117 |   0.0 |       0 |      23 |   0.0 |  1264
           D:2 |       0 |     102 |   0.0 |       0 |      18 |   0.0 |   995
           D:3 |       0 |     152 |   0.0 |       0 |      23 |   0.0 |   730
           D:4 |       0 |     204 |   0.0 |       0 |      15 |   0.0 |   991
           D:5 |       0 |     155 |   0.0 |       0 |       6 |   0.0 |   287
           D:6 |       0 |    1589 |   0.0 |       0 |      20 |   0.0 |  1576
           D:7 |       0 |    2149 |   0.0 |       0 |      42 |   0.0 |  1746
           D:8 |       0 |    1276 |   0.0 |       0 |      23 |   0.0 |   846
               +---------+---------+-------+---------+---------+-------+---------
